 Dungeon Crawl Stone Soup version 0.31-a0-358-gac0dbeb3ab (webtiles) character file.

Game seed: 7083022727878234856

207933 themarg the Stormcaller (level 18, -10/119 HPs)
             Began as a Tengu Conjurer on July 24, 2023.
             Was a High Priest of Ashenzari.
             Killed from afar by a manticore (11 damage)
             ... with a volley of spikes
             ... on level 2 of the Shoals on July 26, 2023.
             The game lasted 04:24:29 (61185 turns).

themarg the Stormcaller (Tengu Conjurer)           Turns: 61185, Time: 04:24:29

Health: -10/119    AC: 16    Str:  9    XL:     18   Next: 77%
Magic:  20/36      EV: 16    Int: 24    God:    Ashenzari [*****.]
Gold:   1199       SH: 14    Dex: 20    Spells: 0/44 levels left

rFire   + . .        u - +6 whip of the Omniscient Ether {Dev, Cun} (curse)
rCold   + . .        Z - +2 kite shield {AC+3}
rNeg    + . .        E - +2 troll leather armour of Ashenzari's Secrets {Regen+, Snorg, Fort, Bglg} (curse)
rPois   +            W - -2 hat of the Alchemist {rElec rPois rF+ rC+ rN+ Will+ rMut rCorr, Elem, Range} (curse)
rElec   +            p - +0 cloak "Mantic Yoke" {Cun, Comp} (curse)
rCorr   +            w - +0 pair of gloves of the Prescient Sky {Bglg, Melee} (curse)
SInv    +            (boots unavailable)
Will    +....        G - amulet "Overhang to Understand" {Acrobat, Bglg, Range} (curse)
Stlth   +++          Q - ring of Toth-Mos's Legacy {AC+4, Cun, Elem} (curse)
HPRegen 1.19/turn    L - ring of Ouranomancy {Dex+6, Comp, Melee} (curse)
MPRegen 0.25/turn

%: acrobat, clarity, resist mutation
@: weak-willed, engulfed (cannot breathe), spiked, flying quickly and evasively,
quick
A: beak, talons 3, nimble flight
}: 1/15 runes: serpentine
a: Renounce Religion, Shatter the Chains


You were on level 2 of the Shoals.
You worshipped Ashenzari.
Ashenzari was extremely pleased with you.
You visited 7 branches of the dungeon, and saw 30 of its levels.
You also visited: Sewer.

You collected 3641 gold pieces.
You spent 2442 gold pieces at shops.

Inventory:

Hand Weapons
 c - a +0 rapier of speed
 u - the cursed +6 whip of the Omniscient Ether (weapon) {Dev, Cun}
   (You took it off a kobold on level 4 of the Dungeon)

   It has a curse which improves the following skills: Devices: Evocations and
   Shapeshifting.
   Cunning:   Dodging and Stealth.
Missiles
 d - 7 throwing nets
 r - 26 boomerangs
 s - 28 poisoned darts
 C - 5 javelins (quivered)
 P - 6 silver javelins
 X - 2 boomerangs of dispersal
 Y - 6 silver boomerangs
Armour
 p - the cursed +0 cloak "Mantic Yoke" (worn) {Cun, Comp}
   (You found it on level 3 of the Dungeon)

   It has a curse which improves the following skills: Cunning: Dodging and
   Stealth.
   Companions: Summonings and Necromancy.
 w - the cursed +0 pair of gloves of the Prescient Sky (worn) {Bglg, Melee}
   (You found it on level 5 of the Dungeon)

   It has a curse which improves the following skills: Beguiling: Conjurations,
   Hexes and Translocations.
   Melee Combat: Short Blades, Long Blades, Axes, Maces & Flails, Polearms,
   Staves and Unarmed Combat.
 E - the cursed +2 troll leather armour of Ashenzari's Secrets (worn) {Regen+, Snorg, Fort, Bglg}
   (You found it on level 10 of the Dungeon)

   Regen:     It increases your rate of health regeneration.
   It has a curse which improves the following skills: Fortitude: Armour and
   Shields.
   Beguiling: Conjurations, Hexes and Translocations.
 W - the cursed -2 hat of the Alchemist (worn) {rElec rPois rF+ rC+ rN+ Will+ rMut rCorr, Elem, Range}
   (You bought it in a shop on level 2 of the Orcish Mines)

   rF:        It protects you from fire.
   rC:        It protects you from cold.
   rElec:     It insulates you from electricity.
   rPois:     It protects you from poison.
   rN:        It protects you from negative energy.
   rCorr:     It protects you from acid and corrosion.
   rMut:      It protects you from mutation.
   Will:      It increases your willpower.
   It has a curse which improves the following skills: Elements: Fire Magic, Ice
   Magic, Air Magic and Earth Magic.
   Ranged Combat: Ranged Weapons and Throwing.
 Z - a +2 kite shield of protection (worn)
Jewellery
 B - a +4 ring of protection
 G - the cursed amulet "Overhang to Understand" (around neck) {Acrobat, Bglg, Range}
   (You found it on level 7 of the Dungeon)

   [amulet of the acrobat]

   It increases your evasion while moving and waiting.
   It has a curse which improves the following skills: Beguiling: Conjurations,
   Hexes and Translocations.
   Ranged Combat: Ranged Weapons and Throwing.
 L - the cursed ring of Ouranomancy (right hand) {Dex+6, Comp, Melee}
   (You bought it in a shop on level 7 of the Dungeon)

   [ring of dexterity]

   Dex:       It affects your dexterity (+6).
   It has a curse which improves the following skills: Companions: Summonings
   and Necromancy.
   Melee Combat: Short Blades, Long Blades, Axes, Maces & Flails, Polearms,
   Staves and Unarmed Combat.
 Q - the cursed ring of Toth-Mos's Legacy (left hand) {AC+4, Cun, Elem}
   (You found it on level 1 of the Lair of Beasts)

   [ring of protection]

   AC:        It affects your AC (+4).
   It has a curse which improves the following skills: Cunning: Dodging and
   Stealth.
   Elements:  Fire Magic, Ice Magic, Air Magic and Earth Magic.
Wands
 a - a wand of roots (5)
 q - a wand of paralysis (25)
 A - a wand of polymorph (22)
 F - a wand of digging (15)
 J - a wand of flame (34)
 M - a wand of quicksilver (15)
 S - a wand of mindburst (10)
Scrolls
 b - 2 scrolls of enchant weapon
 g - a scroll of blinking
 h - 11 scrolls of teleportation
 j - 2 scrolls of revelation
 k - 7 scrolls of fog
 x - 5 scrolls of vulnerability
 y - a scroll of poison
 z - 2 scrolls of immolation
 H - 3 scrolls of fear
 K - a scroll of enchant armour
Potions
 e - 2 potions of resistance
 f - 8 potions of lignification
 l - 8 potions of enlightenment
 m - 7 potions of attraction
 n - 6 potions of curing
 o - 5 potions of cancellation
 t - 3 potions of brilliance
 v - a potion of berserk rage
 D - a potion of might
 I - 5 potions of mutation
 N - 4 potions of haste
 T - 3 potions of heal wounds
 V - a potion of magic
Miscellaneous
 i - a lightning rod (1/4)
 O - a box of beasts (inert)
 R - a condenser vane (inert)
 U - a phantom mirror


   Skills:
 - Level 15.0 Fighting
 - Level 3.8(6.6) Throwing
 - Level 9.9(12.0) Armour
 - Level 3.0(6.4) Dodging
 - Level 3.1(6.6) Stealth
 + Level 7.7(9.9) Shields
 - Level 13.5 Spellcasting
 - Level 11.8(16.0) Conjurations
 - Level 8.3(12.5) Hexes
 - Level 4.0(7.7) Translocations
 * Level 6.0 Transmutations
 - Level 3.0(5.6) Fire Magic
 - Level 6.4(9.6) Ice Magic
 + Level 18.6(21.5) Air Magic
 - Level 4.0 Poison Magic
 - Level 5.5(7.7) Evocations


You couldn't memorise any spells.
You knew the following spells:

 Your Spells              Type           Power      Damage    Failure   Level
a - Magic Dart            Conj           100%       1d8       1%          1
b - Searing Ray           Conj           100%       2d8       1%          2
c - Iskenderun's Mystic   Conj/Tloc      65%        2d13      1%          4
d - Fulminant Prism       Conj/Hex       35%        3d17      1%          4
e - Poisonous Vapours     Pois/Air       100%       N/A       1%          2
f - Ignite Poison         Fire/Tmut/Pois 41%        N/A       5%          3
g - Freezing Cloud        Conj/Ice/Air   37%        6-21      1%          5
h - Irradiate             Conj/Tmut      31%        3d22      4%          5
i - Yara's Violent Unrav  Hex/Tmut       28%        3d12      9%          5
j - Arcjolt               Conj/Air       41%        1d51      1%          5
k - Maxwell's Capacitive  Air            44%        ∞         14%         8

Your spell library contained the following spells:

 Spells                   Type           Power      Damage    Failure   Level
 Shock                    Conj/Air       100%       1d9       0%          1
 Swiftness                Air            88%        N/A       0%          3
 Foxfire                  Conj/Fire      100%       2x1d9     1%          1
 Sting                    Tmut/Pois      100%       1d8       1%          1
 Ensorcelled Hibernation  Hex/Ice        100%       N/A       1%          2
 Dazzling Flash           Conj/Hex       100%       N/A       1%          3
 Inner Flame              Hex/Fire       56%        N/A       1%          3
 Airstrike                Air            44%        2d(7-23)  1%          4
 Sticky Flame             Conj/Fire      62%        2d8       1%          4
 Iskenderun's Battlesphe  Conj           75%        2d12      1%          5
 Silence                  Hex/Air        39%        N/A       1%          5
 Conjure Ball Lightning   Conj/Air       41%        3x3d13    1%          6
 Summon Guardian Golem    Hex/Summ       47%        N/A       3%          3
 Fireball                 Conj/Fire      31%        3d13      4%          5
 Passwall                 Tmut/Erth      25%        N/A       6%          2
 Manifold Assault         Tloc           52%        N/A       6%          4
 Passage of Golubria      Tloc           52%        N/A       6%          4
 Plasma Beam              Fire/Air       34%        2x1d47    9%          6
 Necrotise                Necr           72%        1d7       13%         1
 Sandblast                Erth           36%        2d10      13%         1
 Summon Small Mammal      Summ           72%        N/A       13%         1
 Sublimation of Blood     Necr           18%        N/A       19%         2
 Summon Ice Beast         Ice/Summ       40%        N/A       19%         4
 Orb of Destruction       Conj           37%        9d11      19%         7
 Starburst                Conj/Fire      31%        6d9       26%         6
 Olgreb's Toxic Radiance  Pois           35%        N/A       28%         4
 Summon Mana Viper        Hex/Summ       47%        N/A       28%         5
 Call Canine Familiar     Summ           18%        N/A       36%         3
 Vampiric Draining        Necr           18%        2d7       36%         3
 Petrify                  Tmut/Erth      31%        N/A       36%         4
 Enfeeble                 Hex            33%        N/A       58%         7
 Summon Forest            Summ/Tloc      17%        N/A       61%         5
 Dispersal                Tloc           26%        N/A       67%         6
 Agony                    Necr           18%        N/A       98%         5
 Summon Cactus Giant      Summ           9%         N/A       100%        6
 Monstrous Menagerie      Summ           9%         N/A       100%        7
 Disjunction              Tloc           26%        N/A       100%        8
 Ignition                 Fire           21%        3d8       100%        8
 Lehudib's Crystal Spear  Conj/Erth      26%        10d7      100%        8


Dungeon Overview and Level Annotations

Branches:
Dungeon (15/15)            Temple (1/1) D:5            Lair (5/5) D:9
 Shoals (2/4) Lair:3        Snake (4/4) Lair:2        Slime (0/5) Lair:5
    Orc (2/2) D:11            Elf (0/3) Orc:2        Vaults (0/5) D:14
 Depths (1/4) D:15          Sewer (visited)

Altars:
Ashenzari
Cheibriados
Dithmenos
Elyvilon
Fedhas
Gozag
Hepliaklqana
Kikubaaqudgha
Makhleb
Nemelex Xobeh
Okawaru
Qazlal
Ru
Sif Muna
Trog
Uskayaw
Vehumet
Wu Jian
Xom
Yredelemnul
Zin
The Shining One

Shops:
D:7 *   D:9 *   D:10 [   D:11 [(   D:13 *(([*   Orc:1 :   Orc:2 :*[(
Snake:3 *   Snake:4 *

Annotations:
D:12 3 runed translucent doors, sargonster's ghost, journeyman HOBe


Innate Abilities, Weirdness & Mutations

You have a beak for a mouth.
You have claws for feet.
Your magical nature lets you fly swiftly and evasively.


Message History

A merfolk siren comes into view. It is wielding a +0 spear.
The faun unwields a +0 quarterstaff.
The faun wields a +0 sling.
The faun shoots a sling bullet.
The sling bullet misses you.
You feel much better.
* * * LOW HITPOINT WARNING * * *
Your lungs strain for air!
The centaur warrior is engulfed in acidic fog.
The acid corrodes the centaur warrior!
You block the water elemental's attack. x3
You block the snapping turtle's attack.
The faun unwields a +0 club.
The faun wields a +0 sling.
The faun shoots a sling bullet.
The sling bullet hits you but does no damage.
The water elemental hits you.
The faun shoots a sling bullet.
The sling bullet hits you!
* * * LOW HITPOINT WARNING * * *
You hear a shout!
Aiming: Thunderbolt
Press: ? - help, Shift-Dir - straight line, f - merfolk aquamancer, p - water elemental
Aim: a merfolk aquamancer, wielding a +0 rapier and wearing a +0 robe The thunderbolt hits the merfolk aquamancer!
The merfolk aquamancer is moderately wounded.
The thunderbolt hits the water elemental.
The water elemental resists.
The water elemental is heavily damaged.
* * * LOW HITPOINT WARNING * * *
Your lungs strain for air!
You block the water elemental's attack.
The faun shoots a sling bullet.
You block the sling bullet.
A merfolk avatar comes into view.
The water elemental completely misses you.
You block the water elemental's attack.
The merfolk siren chants a haunting song.
You are unaffected.
The merfolk avatar chants a haunting song.
You are unaffected.
The snapping turtle bites you from afar!
* * * LOW HITPOINT WARNING * * *
The manticore flicks its tail.
The volley of spikes hits you!
The barbed spikes become lodged in your body.
You die...

, , ,, , ,,,, ,,,,, ,, ,
,, , .......§..#cc.*, ,,
,,,,,, .....§§§...≈≈ .,
, ~ ,,,*..§.#....§.≈≈≈.,
, ,
,,,,,§≈≈≈......§≈§≈.,,,,
, , §§≈≈..m...#...# , ,
, ,§≈.≈.m§c....... ,,,,
, , ,, ≈≈≈§.mEE~m..>.. ,
,, ,,, *,,,,#tE@~......
, ,
,,,,...§.§§E~......,,,,,
, ,,..§§§§........., ,
,, , ..§§§..§§§.....,
,,, ,, ,
..§§§.#§§§#...., , ,
,,,.....~§§§≈..H.. , , *
,, ,, ~~~~~m~≈§§...mc ,,
, , , ~~m~~~§~§≈§..... ,
* * , ~ , ~ ~~


You could see 2 merfolk avatars, a merfolk aquamancer, a snapping turtle, a
merfolk, a centaur warrior (corroded), 3 fauns, a manticore, 4 water elementals,
2 merfolk sirens and a water nymph.

Vanquished Creatures
  Mlioglotl (Shoals:1)
  Jorgrun (D:14)
  Frances (D:14)
  Gastronok (D:9)
  Agnes (Snake:4)
  8 nagarajas (Snake:4)
  A frost giant (Depths:1)
  2 orc warlords
  A stone giant (Depths:1)
  The ghost of bobo the Nimble, a journeyman FeIE of Dithmenos (Shoals:1)
  2 ettins
  Snorg (D:10)
  2 fire dragons
  A salamander tyrant (Snake:4)
  7 hydras
  An ice dragon (D:14)
  3 catoblepae
  Erica (D:9)
  8 anacondas
  A merfolk aquamancer (Shoals:1)
  5 two-headed ogres
  A death knight (D:13)
  5 centaur warriors
  2 deep troll shamans (Depths:1)
  A boulder beetle (D:15)
  15 death yaks
  12 naga sharpshooters
  14 naga warriors
  5 tengu warriors
  An orc high priest (Orc:2)
  A deep troll earth mage (Depths:1)
  Urug (Lair:5)
  10 shock serpents
  Nergalle (Orc:2)
  Amaemon (Lair:2)
  3 skeletal warriors (D:13)
  5 skysharks
  3 salamander mystics
  A shadow wraith (D:14)
  A goliath frog (Lair:5)
  2 iron trolls (Depths:1)
  Lodul (D:13)
  7 sea snakes
  2 naga ritualists (Snake:2)
  6 deep trolls (Depths:1)
  3 deep elf pyromancers
  2 harpies (Lair:3)
  4 mana vipers
  4 lindwurms (Lair:4)
  8 orc knights
  A wolf spider (D:15)
  3 manticores
  3 orc sorcerers
  29 salamanders
  6 cyclopes
  22 elephants
  12 ugly things
  37 black mambas
  2 merfolk sirens
  2 water nymphs
  9 guardian serpents
  A guardian serpent (shapeshifter) (D:14)
  12 naga magi
  Maurice (D:9)
  An orange demon (Lair:2)
  21 cane toads
  An efreet (D:14)
  15 rime drakes
  A kobold demonologist (D:11)
  5 yaktaurs (D:15)
  7 komodo dragons
  A freezing wraith (D:13)
  2 tengu conjurers
  13 trolls
  2 polar bears (Lair:4)
  2 merfolk (Shoals:1)
  3 hornets (Lair:3)
  3 tyrant leeches (Lair:5)
  Grinder (D:6)
  A snapping turtle (Shoals:1)
  18 dream sheep
  20 blink frogs
  A centaur simulacrum (D:15)
  A shadow (D:12)
  6 slime creatures (D:15)
  A vampire (D:12)
  3 wyverns
  26 yaks
  12 spriggans (Lair:3)
  6 wraiths
  4 basilisks
  7 water elementals
  13 vampire mosquitoes
  10 steam dragons
  A redback (shapeshifter) (D:15)
  42 nagas
  6 wargs
  2 acid dragons
  16 water moccasins
  34 orc warriors
  2 sky beasts
  A black bear (shapeshifter) (D:14)
  5 black bears
  15 ogres
  3 boggarts (Lair:3)
  9 wolves
  9 centaurs
  A phantom (D:7)
  2 kobold brigands
  Blork the orc (D:4)
  12 bullfrogs
  2 scorpions
  3 gnoll sergeants
  8 killer bees
  5 howler monkeys
  A lava snake (Snake:4)
  A crimson imp (D:7)
  2 hounds (D:5)
  3 jellies
  A gnoll bouda (D:7)
  20 orc priests
  2 sleepcaps
  3 iguanas (D:5)
  22 orc wizards
  Robin (D:4)
  21 gnolls
  13 river rats
  16 adders
  3 shadow imps
  A white imp (D:7)
  4 worms
  A dart slug (D:5)
  107 orcs
  8 endoplasms
  9 giant cockroaches
  17 goblins
  13 hobgoblins
  12 jackals
  13 quokkas
  18 ball pythons
  9 bats
  3 frilled lizards
  24 kobolds
  20 rats
1066 creatures vanquished.

Vanquished Creatures (collateral kills)
  3 ugly things (Depths:1)
  A freezing wraith (D:13)
  2 orc warriors (D:11)
  A centaur (D:11)
  An orc (D:11)
8 creatures vanquished.

Vanquished Creatures (others)
  A fire giant (D:15)
  A naga warrior (Snake:3)
  122 fulminant prisms
124 creatures vanquished.

Grand Total: 1198 creatures vanquished

Notes
Turn   | Place    | Note
-------+----------+-------------------------------------------
     0 | D:1      | themarg the Tengu Conjurer began the quest for the Orb.
     0 | D:1      | Reached XP level 1. HP: 10/10 MP: 4/4
   199 | D:1      | Reached XP level 2. HP: 15/15 MP: 4/6
   202 | D:1      | Learned a level 2 spell: Searing Ray
   473 | D:1      | Found a faded altar of an unknown god.
   917 | D:1      | Reached XP level 3. HP: 19/19 MP: 4/7
  2161 | D:2      | Reached XP level 4. HP: 24/24 MP: 5/8
  3030 | D:3      | Reached skill level 1 in Translocations
  3079 | D:3      | Gained mutation: Your magical nature lets you fly swiftly
                  | and evasively. [Tengu growth]
  3079 | D:3      | Reached XP level 5. HP: 18/28 MP: 0/9
  3618 | D:3      | Found a white marble altar of Elyvilon.
  3748 | D:4      | Found an ornate altar of the Wu Jian Council.
  4360 | D:4      | Noticed Blork the orc
  4947 | D:4      | Noticed Robin
  4951 | D:4      | Killed Robin
  5561 | D:5      | Entered Level 5 of the Dungeon
  5584 | D:5      | Found a bloodstained altar of Trog.
  5594 | D:5      | Reached XP level 6. HP: 32/32 MP: 5/10
  5626 | D:5      | Found a staircase to the Ecumenical Temple.
  5635 | Temple   | Entered the Ecumenical Temple
  5650 | Temple   | Became a worshipper of Ashenzari the Shackled
  5733 | D:5      | Found a glowing drain.
  5748 | Sewer    | Entered a sewer
  6840 | D:5      | Reached XP level 7. HP: 36/36 MP: 0/11
  7724 | D:5      | Learned a level 4 spell: Iskenderun's Mystic Blast
  7805 | D:5      | Reached skill level 10 in Conjurations
  8306 | D:5      | Reached skill level 1 in Fighting
  8404 | D:6      | Reached skill level 1 in Hexes
  8404 | D:6      | Reached XP level 8. HP: 43/43 MP: 2/12
  8935 | D:6      | Learned a level 4 spell: Fulminant Prism
  9044 | D:6      | Noticed Grinder
  9212 | D:6      | Killed Grinder
  9524 | D:6      | Reached * piety under Ashenzari
 10004 | D:6      | Reached XP level 9. HP: 52/52 MP: 5/13
 10320 | D:7      | Reached skill level 5 in Fighting
 10673 | D:7      | Found Diqexowk's General Store.
 10862 | D:7      | Found a burning altar of Makhleb.
 10862 | D:7      | Found a shimmering altar of Xom.
 10871 | D:7      | Reached ** piety under Ashenzari
 11793 | D:7      | Reached *** piety under Ashenzari
 11888 | D:7      | Found Diqexowk's General Store.
 12028 | D:7      | Found a burning altar of Makhleb.
 12035 | D:7      | Found a shimmering altar of Xom.
 12415 | D:8      | Reached skill level 1 in Evocations
 12521 | D:8      | Noticed a two-headed ogre
 12560 | D:8      | Found a glowing golden altar of the Shining One.
 12695 | D:8      | Found a shadowy altar of Dithmenos.
 12696 | D:8      | Found a stormy altar of Qazlal.
 12697 | D:8      | Found a sparkling altar of Nemelex Xobeh.
 12697 | D:8      | Found a sacrificial altar of Ru.
 12755 | D:8      | Reached XP level 10. HP: 24/64 MP: 0/17
 13437 | D:8      | Found a hide-covered altar of Uskayaw.
 13601 | D:9      | Reached skill level 1 in Poison Magic
 13785 | D:9      | Noticed Maurice
 13819 | D:9      | Noticed Gastronok
 14083 | D:9      | Learned a level 2 spell: Poisonous Vapours
 14097 | D:9      | Killed Maurice
 14336 | D:9      | Noticed Erica
 14526 | D:9      | Killed Erica
 14818 | D:9      | Found a staircase to the Lair.
 15157 | D:9      | Found Gozag's Platinum Reserve.
 15161 | D:9      | Found an opulent altar of Gozag.
 15452 | D:8      | Killed a two-headed ogre
 15453 | D:8      | Reached skill level 5 in Hexes
 15731 | D:8      | Found a hide-covered altar of Uskayaw.
 15852 | D:8      | Found a shadowy altar of Dithmenos.
 15853 | D:8      | Found a stormy altar of Qazlal.
 15854 | D:8      | Found a sacrificial altar of Ru.
 15855 | D:8      | Found a sparkling altar of Nemelex Xobeh.
 15932 | D:9      | Killed Gastronok
 15933 | D:9      | Reached skill level 10 in Fighting
 15933 | D:9      | Reached XP level 11. HP: 43/72 MP: 5/18
 15937 | D:9      | Learned a level 3 spell: Ignite Poison
 16080 | D:9      | Upgraded the game from 0.31-a0-354-g827e0957a7 to
                  | 0.31-a0-355-g57cb03d3e8
 16081 | D:10     | Entered Level 10 of the Dungeon
 16215 | D:10     | Reached skill level 1 in Fire Magic
 16302 | D:10     | Found Nouhor's Antique Armour Emporium.
 16352 | D:10     | Reached skill level 1 in Transmutations
 16603 | D:10     | Noticed Snorg
 16757 | D:10     | Found a shimmering blue altar of Sif Muna.
 16763 | D:10     | Identified Sif Muna's Vellum of the Rocks
 16957 | D:10     | Reached **** piety under Ashenzari
 17622 | D:4      | Killed Blork the orc
 17847 | D:7      | Bought a +6 ring of dexterity for 540 gold pieces
 17918 | Lair:1   | Entered Level 1 of the Lair of Beasts
 18494 | Lair:1   | Reached ***** piety under Ashenzari
 18744 | Lair:1   | Reached skill level 5 in Spellcasting
 19291 | Lair:2   | Noticed Amaemon
 19907 | Lair:2   | Identified a scroll of acquirement
 19917 | Lair:2   | Acquired the Verses on the Voltaic Figure
 19951 | Lair:2   | Reached skill level 2 in Air Magic
 20054 | Lair:2   | Killed Amaemon
 20055 | Lair:2   | Reached skill level 4 in Air Magic
 20066 | Lair:2   | Reached skill level 5 in Air Magic
 20362 | Lair:2   | Learned a level 5 spell: Freezing Cloud
 20394 | Lair:2   | Reached skill level 1 in Ice Magic
 20436 | Lair:2   | Found a staircase to the Snake Pit.
 20814 | Lair:3   | Reached XP level 12. HP: 81/81 MP: 5/23
 20924 | Lair:3   | Noticed a five-headed hydra
 20932 | Lair:3   | Killed a five-headed hydra
 21396 | Lair:3   | Reached skill level 6 in Air Magic
 21518 | Lair:3   | Found a staircase to the Shoals.
 21534 | Lair:3   | Reached skill level 7 in Air Magic
 21927 | Lair:3   | Noticed a four-headed hydra
 21964 | Lair:3   | Killed a four-headed hydra
 22311 | Lair:3   | Noticed a four-headed hydra
 22466 | Lair:3   | Reached skill level 1 in Shields
 23202 | Lair:3   | Killed a four-headed hydra
 23203 | Lair:3   | Reached skill level 5 in Shields
 23301 | Lair:3   | Reached XP level 13. HP: 63/88 MP: 6/24
 23684 | Lair:3   | Upgraded the game from 0.31-a0-355-g57cb03d3e8 to
                  | 0.31-a0-358-gac0dbeb3ab
 24303 | Lair:4   | Reached skill level 5 in Transmutations
 25539 | Lair:3   | Learned a level 5 spell: Irradiate
 26432 | Lair:5   | Entered Level 5 of the Lair of Beasts
 26753 | Lair:5   | Noticed Urug
 26767 | Lair:4   | Reached ****** piety under Ashenzari
 26787 | Lair:5   | Reached XP level 14. HP: 98/98 MP: 5/29
 28002 | Lair:5   | Killed Urug
 28102 | Lair:4   | Learned a level 5 spell: Yara's Violent Unravelling
 28111 | Lair:5   | Found a staircase to the Slime Pits.
 30200 | Lair:5   | Reached skill level 8 in Air Magic
 30502 | Lair:5   | Reached skill level 5 in Ice Magic
 30735 | Lair:5   | Reached XP level 15. HP: 103/103 MP: 12/30
 30868 | Lair:5   | Reached skill level 9 in Air Magic
 31173 | Lair:5   | Reached skill level 10 in Air Magic
 31823 | Lair:1   | Reached skill level 11 in Air Magic
 32165 | D:10     | Bought a glowing cloak for 247 gold pieces
 32204 | D:10     | Killed Snorg
 32359 | D:7      | Bought a scroll of teleportation for 45 gold pieces
 32359 | D:7      | Bought a scroll of blinking for 112 gold pieces
 32359 | D:7      | Bought a scroll of fog for 60 gold pieces
 33101 | D:11     | Reached skill level 12 in Air Magic
 33126 | D:11     | Found Saacum's Weapon Boutique.
 33414 | D:11     | Found Xaskadiv's Armour Boutique.
 33418 | D:11     | Found a staircase to the Orcish Mines.
 33928 | D:12     | Found a runed translucent gate.
 33931 | D:12     | Found a runed translucent gate.
 33932 | D:12     | Found a runed translucent gate.
 33940 | D:12     | Found the +5 robe of Night {Dark Will+ SInv}
 33946 | D:12     | Noticed sargonster's ghost (journeyman HOBe)
 35379 | Orc:1    | Entered Level 1 of the Orcish Mines
 35888 | Orc:1    | Found Focs's Self-Improvement Boutique.
 35942 | Orc:1    | Noticed an orc warlord
 35950 | Orc:1    | Killed an orc warlord
 36519 | Orc:2    | Entered Level 2 of the Orcish Mines
 36911 | Orc:2    | Found a staircase to the Elven Halls.
 37282 | Orc:2    | Noticed Nergalle
 37688 | Orc:2    | Reached skill level 10 in Spellcasting
 37797 | Orc:2    | Noticed an orc warlord
 37893 | Orc:2    | Reached skill level 5 in Evocations
 38078 | Orc:2    | Killed an orc warlord
 38736 | Orc:2    | Killed Nergalle
 38867 | Orc:2    | Found Cuffi's Antique Weapon Shoppe.
 38932 | Orc:2    | Found Cateoc's General Store.
 38958 | Orc:2    | Found Ilar's Book Shoppe.
 38978 | Orc:2    | Found Anuciche's Antique Armour Shoppe.
 39101 | Orc:2    | Found a staircase to the Elven Halls.
 39289 | Orc:2    | Found Cuffi's Antique Weapon Shoppe.
 39356 | Orc:2    | Found Anuciche's Antique Armour Shoppe.
 39441 | Orc:2    | Found Cateoc's General Store.
 39450 | Orc:2    | Found Ilar's Book Shoppe.
 39687 | Orc:2    | Bought the -2 hat of the Alchemist {rElec rPois rF+ rC+ rN+
                  | Will+ rMut rCorr} for 1085 gold pieces
 39687 | Orc:2    | Found the -2 hat of the Alchemist {rElec rPois rF+ rC+ rN+
                  | Will+ rMut rCorr}
 39943 | D:13     | Found Kaodielimm's Assorted Antiques.
 40013 | D:13     | Reached skill level 1 in Armour
 40145 | D:13     | Found a radiant altar of Vehumet.
 40176 | D:13     | Found Cuacy's Antique Armour Emporium.
 40496 | Snake:1  | Entered Level 1 of the Snake Pit
 40767 | Snake:1  | Reached XP level 16. HP: 103/103 MP: 3/31
 41186 | Snake:1  | Learned a level 5 spell: Arcjolt
 41829 | Snake:1  | Reached skill level 13 in Air Magic
 44591 | Snake:3  | Reached skill level 14 in Air Magic
 44936 | Snake:3  | Identified the +0 great sword "Saogig" {drain, rN+}
 45475 | Snake:3  | Found Haddi's CLEARANCE SALE!.
 45482 | Snake:3  | Bought a potion of curing for 9 gold pieces
 45678 | Snake:4  | Entered Level 4 of the Snake Pit
 45832 | Snake:4  | Noticed Agnes
 46228 | D:13     | Found Feakog's Weapon Emporium.
 46599 | D:13     | Found Xerhow's Assorted Antiques.
 46613 | D:13     | Bought a scroll of blinking for 172 gold pieces
 46613 | D:13     | Bought a scroll of blinking for 172 gold pieces
 46629 | D:13     | Noticed Lodul
 46640 | D:13     | Killed Lodul
 46653 | D:13     | Reached skill level 15 in Fighting
 47149 | D:13     | Found Cintes's Weapon Shoppe.
 47457 | D:13     | Found Feakog's Weapon Emporium.
 47479 | D:13     | Found a radiant altar of Vehumet.
 47592 | D:13     | Reached skill level 15 in Air Magic
 47592 | D:13     | Reached XP level 17. HP: 104/113 MP: 3/33
 47776 | D:13     | Found Cuacy's Antique Armour Emporium.
 47835 | D:13     | Found Xerhow's Assorted Antiques.
 47900 | D:13     | Found Kaodielimm's Assorted Antiques.
 48001 | D:13     | Found Cintes's Weapon Shoppe.
 48490 | D:14     | Found a gate to the Vaults.
 49084 | D:14     | Noticed Frances
 49093 | D:14     | Killed Frances
 49094 | D:14     | Reached skill level 16 in Air Magic
 49483 | D:14     | Reached skill level 5 in Armour
 49637 | D:14     | Noticed Jorgrun
 49641 | D:14     | Killed Jorgrun
 50365 | D:14     | Found a gate to the Vaults.
 50488 | D:15     | Entered Level 15 of the Dungeon
 50570 | D:15     | Identified the +2 scale mail of Uptar {rElec rF- Str+4
                  | Stlth+}
 52093 | D:15     | Found a staircase to the Depths.
 52409 | Snake:4  | Killed Agnes
 54312 | Snake:4  | Found a shimmering altar of Xom.
 54493 | Snake:4  | Reached skill level 17 in Air Magic
 54539 | Snake:4  | Found Inuudgh's Assorted Antiques.
 55034 | Snake:4  | Reached XP level 18. HP: 119/119 MP: 21/34
 56376 | Snake:4  | Reached skill level 18 in Air Magic
 56992 | Snake:4  | Got a serpentine rune of Zot
 57629 | Snake:4  | Found Inuudgh's Assorted Antiques.
 57706 | Snake:4  | Found a shimmering altar of Xom.
 57890 | Shoals:1 | Entered Level 1 of the Shoals
 57890 | Shoals:1 | Noticed Mlioglotl
 58154 | Depths:1 | Entered Level 1 of the Depths
 59237 | Depths:1 | Learned a level 8 spell: Maxwell's Capacitive Coupling
 59516 | Shoals:1 | Killed Mlioglotl
 59619 | Shoals:1 | Found a large runed translucent door.
 59619 | Shoals:1 | Found a large runed translucent door.
 59620 | Shoals:1 | Noticed bobo's ghost (journeyman FeIE)
 59701 | Shoals:1 | Found a broken altar of Ashenzari.
 60046 | Shoals:1 | Found a sacrificial altar of Ru.
 60870 | Shoals:1 | Killed bobo's ghost
 61185 | Shoals:2 | HP: 1/119 [snapping turtle (13)]
 61185 | Shoals:2 | Killed from afar by a manticore

Illustrated notes

Levels and vault maps discovered:
D:1:      nzn_arrival_depleted_hourglass, layout_loops_ring,
          dreamdust_ecumenical_altar_hidden_monk_grotto
D:2:      minmay_skewed_foursquare, layout_loops_ring, cheibrodos_gnoll_hut
D:3:      layout_basic, mainiacjoe_overflow_alcove_2
D:4:      layout_loops_corners, nicolae_wu_jian_wuxing_cycle,
          minmay_crystal_room, grunt_decor_clamped, minmay_misc_feat_five,
          chequers_serial_rivers_large_b, uniq_robin, uniq_blork_the_orc
D:5:      lemuel_ratsnest, layout_gridville,
          mainiacjoe_overflow_six_doors_small, temple_pool_b,
          portal_sewer_entry_f
D:6:      layout_basic, uniq_grinder
D:7:      layout_gridville, grunt_temple_overflow_champion_of_chaos,
          nicolae_take_the_stairs
D:8:      layout_rooms, overflow_temple_1_default, nicolae_uskayaw_dance_studio,
          mainiacjoe_overflow_alcove_3
D:9:      layout_small_grid, nicolae_gozag_zags_fifth_avenue,
          erik_lair_orcish_takeover, uniq_gastronok, uniq_maurice, uniq_erica
D:10:     layout_stronghold, led_sif_book, serial_shops, shop, uniq_snorg
D:11:     layout_cave_pools, orc_david_3
D:12:     layout_irregular_city, maelrawn_ghost_gauntlet_escape
D:13:     layout_stronghold, serial_shops, nicolae_shop_statue_plus, shop, shop,
          shop, shop, chequers_serial_rivers_small_b, fiery_altar_vehumet,
          uniq_lodul
D:14:     layout_roguey [special_room_orc], david_vaults_4,
          minmay_misc_feat_enclosed, serial_bayou_crossing, uniq_jorgrun,
          uniq_frances
D:15:     hangedman_depths_entry_try_elsewhere_first, layout_loops_cross,
          minmay_misc_feat_four_crosses
Temple:   compressed_dpeg_triangle_lava_temple
Lair:1:   layout_roguey, grunt_megastairs_5
Lair:2:   layout_cave_shapes, guppyfry_snake_entry_garden, uniq_amaemon
Lair:3:   kb_forest_paths, layout_concentric_octagons,
          nicolae_shoals_entry_roost, serial_rivers,
          chequers_serial_rivers_micro_e, chequers_serial_rivers_small_3,
          chequers_serial_rivers_micro_b, chequers_serial_rivers_small_3,
          chequers_serial_rivers_room_b, chequers_serial_rivers_small_b
Lair:4:   layout_regular_city, minmay_lindwurm_lava, grunt_megastairs_1
Lair:5:   minmay_lair_end_frog_pond, layout_regular_city, slime_entry_1,
          bobbens_dragon_lair_wall, serial_bayou_shore_b, uniq_urug
Shoals:1: layout_shoals, ebering_ghost_disaster_area, hangedman_feature_mirror,
          nicolae_shoals_lost_giant_amphitheater, uniq_mlioglotl
Shoals:2: cheibrodos_shoals_baths, layout_shoals, uniq_polyphemus
Snake:1:  layout_cave_pods
Snake:2:  layout_grid_maze, st_stairs_8
Snake:3:  layout_misc_corridors, nicolae_shop_clearance
Snake:4:  grunt_snake_rune_pools, layout_cave_town, basic_altar, serial_shops,
          nicolae_shop_overgrown_old_shop, grunt_ministairs_12,
          nicolae_snake_salamander_zone, uniq_agnes
Orc:1:    layout_caves, nicolae_shop_self_help
Orc:2:    grunt_orc_cross, layout_diamond_mine, minmay_orc_barracks
Depths:1: layout_cave_pools, enter_ziggurat_f, hell_entry,
          nicolae_kikubaaqudgha_miasma_corner, abyss_entry_small_statue_room,
          nrook_loot_triangle, grunt_ministairs_14, minmay_misc_feat_iff,
          tso_oasis_becter, uniq_enchantress

Skill      XL: |  1  2  3  4  5  6  7  8  9 10 11 12 13 14 15 16 17 18 |
---------------+-------------------------------------------------------+-----
Stealth        | 3 |  3.1
Conjurations   | 6 7 8 9 10 11 | 11.8
Translocations | 1 2 4 |  4.0
Fighting       | 1 4 7 10 11 12 15 | 15.0
Hexes          | 1 4 5 8 |  8.3
Dodging        | 3 |  3.0
Spellcasting   | 4 5 7 10 11 13 | 13.5
Throwing       | 2 3 |  3.8
Evocations     | 1 2 3 4 5 |  5.5
Poison Magic   | 4 |  4.0
Fire Magic     | 3 |  3.0
Transmutations | 3 5 6 |  6.0
Air Magic      | 5 7 8 12 15 17 18 | 18.6
Ice Magic      | 2 4 5 6 |  6.4
Shields        | 5 7 |  7.7
Armour         | 1 4 9 |  9.9

Action                     |  1- 3 |  4- 6 |  7- 9 | 10-12 | 13-15 | 16-18 || total
---------------------------+-------+-------+-------+-------+-------+-------++-------
  Melee: Peck              |     1 |     5 |     3 |    18 |    51 |    67 ||   145
         Short sword       |     1 |       |       |       |       |       ||     1
         Dagger            |       |     5 |       |       |       |       ||     5
         Kick              |       |     6 |     4 |    20 |    68 |   108 ||   206
         Whip              |       |    16 |    26 |    49 |   153 |   241 ||   485
         Punch             |       |       |       |     3 |       |       ||     3
  Throw: Dart              |       |       |       |    29 |     2 |       ||    31
         Throwing net      |       |       |       |     1 |       |       ||     1
         Boomerang         |       |       |       |     3 |       |     4 ||     7
         Javelin           |       |       |       |       |       |     4 ||     4
   Cast: Magic Dart        |    49 |    95 |    83 |    45 |       |       ||   272
         Searing Ray       |    23 |    44 |    62 |    48 |    11 |     2 ||   190
         Iskenderun's Myst |       |       |     7 |    33 |    63 |    77 ||   180
         Fulminant Prism   |       |       |    20 |    52 |    25 |    25 ||   122
         Poisonous Vapours |       |       |       |    19 |    97 |    20 ||   136
         Ignite Poison     |       |       |       |     6 |    50 |    12 ||    68
         Freezing Cloud    |       |       |       |    38 |   282 |   268 ||   588
         Yara's Violent Un |       |       |       |       |     7 |    16 ||    23
         Irradiate         |       |       |       |       |     3 |     3 ||     6
         Arcjolt           |       |       |       |       |       |   111 ||   111
         Maxwell's Capacit |       |       |       |       |       |     1 ||     1
 Invoke: Curse Item        |       |       |     4 |     5 |     2 |     1 ||    12
         Shatter the Chain |       |       |       |     1 |     2 |     1 ||     4
  Evoke: Wand              |       |     1 |     5 |     2 |     4 |     1 ||    13
         Box of beasts     |       |       |       |     1 |     2 |     2 ||     5
         Lightning rod     |       |       |       |       |       |     7 ||     7
         Condenser vane    |       |       |       |       |       |     1 ||     1
    Use: Scroll            |       |     4 |     4 |     2 |     1 |     5 ||    16
         Potion            |       |       |     1 |     3 |       |     3 ||     7
   Stab: Paralysed         |       |       |     1 |       |       |       ||     1
         Distracted        |       |       |       |       |     1 |     1 ||     2
         Petrified         |       |       |       |       |       |     1 ||     1
         Sleeping          |       |       |       |       |       |     1 ||     1
 Armour: Robe              |     1 |     7 |    14 |    24 |     9 |       ||    55
         Troll leather arm |       |       |       |       |    14 |    75 ||    89
  Dodge: Dodged            |     1 |    28 |    48 |   126 |   127 |   300 ||   630
  Block: Buckler           |       |       |       |     1 |    68 |   153 ||   222
         Kite shield       |       |       |       |       |       |    18 ||    18

Table legend: (Time is in decaauts)
 A = Elapsed time spent in this place.
 B = Non-inter-level travel time spent in this place.
 C = Inter-level travel time spent in this place.
 D = Time resting spent in this place.
 E = Time spent auto-exploring this place.
 F = Levels seen in this place.
 G = Mean time per level.
                   A        B        C        D        E       F      G
               +--------+--------+--------+--------+--------+-----+--------+
         Total |  58544 |  54917 |   3627 |  19837 |  23893 |  31 | 1888.5 |
       Dungeon |  26827 |  24768 |   2059 |   6648 |  14133 |  15 | 1788.5 |
        Temple |     27 |     27 |      0 |      0 |      0 |   1 |   27.0 |
          Lair |  14224 |  13169 |   1055 |   6102 |   3940 |   5 | 2844.8 |
        Shoals |   1575 |   1541 |     34 |    511 |    440 |   2 |  787.5 |
     Snake Pit |  10256 |   9903 |    353 |   4276 |   3590 |   4 | 2564.0 |
  Orcish Mines |   4162 |   4037 |    125 |   1811 |   1257 |   2 | 2081.0 |
        Depths |    448 |    448 |      0 |    204 |      0 |   1 |  448.0 |
         Sewer |   1022 |   1022 |      0 |    282 |    530 |   1 | 1022.0 |
               +--------+--------+--------+--------+--------+-----+--------+

Top non-repeatable levels by time:
 Snake:4: 4383 daAuts
  Lair:5: 3797 daAuts
  Lair:3: 3727 daAuts
  Lair:4: 2810 daAuts
   Orc:2: 2472 daAuts
 Snake:3: 2463 daAuts
     D:9: 2419 daAuts
    D:14: 2276 daAuts
     D:7: 2179 daAuts
    D:15: 2126 daAuts
    D:13: 2117 daAuts
  Lair:1: 2002 daAuts
     D:6: 2002 daAuts
    D:12: 1922 daAuts
     D:5: 1911 daAuts
